 Dungeon Crawl Stone Soup version 0.16-a0-3544-gf6bfca6 (webtiles) character file.

525 Gronka the Ruffian (level 7, -4/67 HPs)
             Began as a Troll Fighter on Jan 9, 2015.
             Was a Follower of Trog.
             Killed from afar by a goblin (11 damage)
             ... with a wand of flame
             ... on level 5 of the Dungeon.
             The game lasted 00:09:32 (3113 turns).

Gronka the Ruffian (Troll Fighter)                  Turns: 3113, Time: 00:09:32

Health: -4/67      AC:  5    Str: 27    XL:     7   Next: 2%
Magic:  3/3        EV:  8    Int:  4    God:    Trog [*.....]
Gold:   287        SH:  9    Dex:  9    Spells: 0 memorised, 6 levels left

rFire  . . .     SeeInvis .       - Unarmed
rCold  . . .     Clarity  .     b - +0 robe
rNeg   . . .     SustAb   .     c - +0 shield
rPois  +         Gourm    +     (helmet restricted)
rElec  .         Spirit   .     (no cloak)
rCorr  .         Warding  .     (gloves unavailable)
rMut   .         Stasis   .     (boots unavailable)
MR     .....                    (no amulet)
Stlth  +.........               (no ring)
                                q - ring of poison resistance

@: not resistant to hostile enchantments, very unstealthy
A: unfitting armour, claws 3, fast metabolism 3, gourmand, regeneration 2,
shaggy fur 1, tough skin 2
a: Burn Spellbooks, Berserk, Renounce Religion


You were on level 5 of the Dungeon.
You worshipped Trog.
Trog was aware of your devotion.
You were not hungry.

You visited 1 branch of the dungeon, and saw 5 of its levels.

You collected 287 gold pieces.

Inventory:

Armour
 b - a +0 robe (worn)
 c - a +0 shield (worn)
Jewellery
 j - a cursed ring of protection from cold {unknown}
 q - a ring of poison resistance (left claw)
 w - an uncursed ring of flight {unknown}
Scrolls
 a - a scroll of immolation {unknown}
 g - a scroll of teleportation {unknown}
 h - a scroll of noise {unknown}
 k - 2 scrolls of enchant weapon {unknown}
 n - 2 scrolls of fog {unknown}
 p - 3 scrolls of remove curse {unknown}
 s - a scroll of magic mapping {unknown}
 t - 2 scrolls of fear {unknown}
 u - 2 scrolls of random uselessness {unknown}
Potions
 d - 2 potions of magic
 e - a potion of might
 m - a potion of flight {unknown}
 o - a potion of invisibility {unknown}
 v - a potion of heal wounds {unknown}
Comestibles
 f - 3 bread rations
 r - a slice of pizza


   Skills:
 + Level 3.3 Fighting
 + Level 2.8 Armour
 + Level 2.8 Dodging
 + Level 0.7 Stealth
 + Level 3.3 Shields
 * Level 4.6 Unarmed Combat


You had 6 spell levels left.
You didn't know any spells.

Dungeon Overview and Level Annotations

Branches:
Dungeon (5/15)             Temple (0/1) D:5

Altars:
Elyvilon
Gozag
Trog
Vehumet

Annotations:
D:5 runed door, Prince Ribbit


Innate Abilities, Weirdness & Mutations

You are too large for most types of armour.
You have claws for hands.
Your metabolism is lightning-fast.
You like to eat raw meat.
You heal very quickly.
You are covered in fur (AC +1).
You have very tough skin (AC +2).


Message History

You block the goblin's attack.
You miss the adder. The adder bites you.
* * * LOW HITPOINT WARNING * * *
The goblin hits you.
* * * LOW HITPOINT WARNING * * *
You claw the adder!
You kill the adder!
Trog accepts your kill.
You feel sick. The goblin hits you.
* * * LOW HITPOINT WARNING * * *
The goblin zaps a wand.
You block the puff of flame.
You closely miss the goblin.
The goblin zaps a wand.
The puff of flame hits you!
* * * LOW HITPOINT WARNING * * *
You barely miss the goblin.
You feel sick.
The goblin zaps a wand.
The puff of flame hits you!
* * * LOW HITPOINT WARNING * * *
Drink which item? (? for menu, Esc to quit)
You feel better.
The goblin zaps a wand.
The puff of flame hits you!
You die...

######## ........#
#...#....# ........######
...#._.#.......#
...............#
......#..g.?.?..#
........@.......# ###
......####......#######..
... #...........##.. .
#...........##..
#...........##..
###...........##..
#....>........####
#...########### #. #
#...# #.


You could see a goblin.

Vanquished Creatures
  The ghost of zkyp the Insei, an average DsMo of Makhleb (D:4)
  A scorpion (D:4)
  A crimson imp (D:5)
  An orc priest (D:5)
  A centaur skeleton (D:5)
  A giant frog skeleton (D:5)
  An orc wizard (D:5)
  A hound skeleton (D:4)
  6 adders
  3 shadow imps (D:5)
  2 worms
  An adder zombie (D:5)
  6 giant geckos
  4 orcs
  4 giant cockroaches
  11 goblins
  9 hobgoblins
  5 jackals (D:4)
  6 kobolds
  5 quokkas
  2 ball pythons (D:4)
  8 bats
  3 giant newts
  9 rats
92 creatures vanquished.

Notes
Turn   | Place    | Note
--------------------------------------------------------------
     0 | D:1      | Gronka, the Troll Fighter, began the quest for the Orb.
     0 | D:1      | Reached XP level 1. HP: 22/22 MP: 1/1
   202 | D:1      | Reached XP level 2. HP: 29/29 MP: 1/1
   652 | D:2      | Reached XP level 3. HP: 24/36 MP: 2/2
  1237 | D:3      | Reached XP level 4. HP: 9/44 MP: 2/2
  1394 | D:3      | Found a bloodstained altar of Trog.
  1399 | D:3      | Became a worshipper of Trog the Wrathful
  1508 | D:3      | Found an opulent altar of Gozag.
  1859 | D:4      | Found a white marble altar of Elyvilon.
  2023 | D:4      | Noticed zkyp's ghost (average DsMo)
  2040 | D:4      | Killed zkyp's ghost
  2040 | D:4      | Reached skill level 3 in Fighting
  2040 | D:4      | Reached skill level 1 in Dodging
  2040 | D:4      | Reached XP level 5. HP: 12/53 MP: 2/2
  2242 | D:4      | Reached XP level 6. HP: 52/61 MP: 3/3
  2255 | D:4      | Acquired Trog's first power
  2695 | D:5      | Entered Level 5 of the Dungeon
  2776 | D:5      | Reached skill level 4 in Unarmed Combat
  2798 | D:5      | Found a staircase to the Ecumenical Temple.
  2973 | D:5      | Found a runed door.
  3024 | D:5      | Found a runed door.
  3043 | D:5      | Noticed Prince Ribbit
  3089 | D:5      | Reached XP level 7. HP: 30/67 MP: 3/3
  3099 | D:5      | Found a radiant altar of Vehumet.
  3112 | D:5      | HP: 1/67 [goblin/wand of flame (10)]
  3113 | D:5      | Killed from afar by a goblin

Action                   |  1- 3 |  4- 6 |  7- 9 || total
-------------------------+-------+-------+-------++-------
Melee: Unarmed           |   133 |   165 |     9 ||   307
Invok: Berserk           |       |     1 |       ||     1
  Use: Potion            |       |     3 |     1 ||     4
  Eat: Meat ration       |     2 |     3 |       ||     5
       Chunk             |       |     3 |       ||     3
